Map: Orbital Shipyard

Players

Patience

  • Race: Zerg Zerg
  • League: Grandmaster

Bones - Winner!

  • Race: Protoss Protoss
  • League: Master

Event: ASL Season 5 Prime League LOTV Beta

VOD

Have the link to the VOD?

Description

Time

  • Played on: Sept. 3, 2015, 8:49 p.m.
  • Length: 20:27

All games in this series

Show
View Real Time Build Order
Export as new Build Order

Patience Zerg 

Build Orders: Hatch First 

Get SALT Encoding   

  12  0:01  Drone  
  13  0:09  Drone  
  14  0:20  Overlord  
  14  0:38  Drone x2  
  14  0:39  Drone  
  17  0:52  Drone  
  18  0:59  Hatchery  
  17  1:06  Extractor  
  17  1:07  Drone  
  17  1:14  Drone  
  18  1:21  Spawning Pool  
  18  1:25  Drone  
  18  1:34  Drone  
  19  1:52  Overlord  
  19  1:54  Drone  
  20  2:12  Metabolic Boost  
  20  2:13  Queen  
  20  2:14  Queen  
  24  2:16  Drone  
  24  2:17  Drone x2  
  27  2:24  Zergling x2  
  27  2:26  Zergling x2  
  29  2:42  Hatchery  
  28  2:44  Drone x3  
  28  2:49  Drone  
  32  2:57  Queen  
  34  3:01  Drone x2  
  36  3:06  Overlord  
  36  3:11  Evolution Chamber  
  36  3:12  Drone  
  36  3:15  Overlord  
  36  3:29  Drone x4  
  36  3:30  Drone x3  
  36  3:32  Lair  
  43  3:41  Drone x2  
  43  3:45  Extractor  
  43  3:46  Extractor  
  43  3:48  Drone  
  44  3:52  Overlord x2  
  44  3:54  Drone x3  
  44  3:55  Drone  
  48  3:57  Drone  
  48  4:02  Roach Warren  
  48  4:06  Zerg Missile Weapons Level 1  
  48  4:14  Drone x2  
  50  4:17  Drone x3  
  50  4:18  Drone  
  54  4:34  Drone x3  
  54  4:35  Drone x5, Hydralisk Den  
  61  4:41  Drone x2  
  61  4:42  Drone x2  
  61  4:45  Extractor  
  64  4:52  Overlord x3  
  64  5:00  Infestation Pit  
  64  5:02  Extractor  
  64  5:04  Extractor  
  61  5:13  Drone x4  
  64  5:14  Drone x3, Hydralisk x2  
  64  5:15  Hydralisk x3  
  77  5:31  Muscular Augments  
  77  5:35  Overlord x2  
  77  5:44  Hive  
  77  5:49  Overseer x2  
  77  5:53  Hatchery  
  76  5:57  Evolution Chamber  
  76  6:03  Drone x2  
  76  6:04  Drone x5  
  79  6:05  Drone  
  79  6:08  Zerg Missile Weapons Level 2  
  83  6:16  Overlord x6  
  83  6:18  Drone x2  
  83  6:19  Drone x4  
  83  6:20  Drone  
  83  6:24  Zerg Ground Armor Level 1  
  90  6:48  Drone x6  
  90  6:49  Overlord x5  
  96  7:00  Viper  
  96  7:01  Viper x2  
  99  7:06  Queen  
  107  7:19  Hydralisk  
  107  7:20  Hydralisk x11  
  130  7:31  Extractor  
  130  7:32  Spine Crawler, Extractor  
  127  7:42  Glial Reconstitution  
  127  7:51  Drone x7  
  130  7:56  Hydralisk x3  
  130  7:57  Hydralisk x7  
  154  8:09  Evolution Chamber  
  154  8:10  Evolution Chamber, Drone x5  
  154  8:11  Drone x2  
  154  8:12  Evolution Chamber  
  158  8:13  Spore Crawler  
  158  8:16  Spine Crawler  
  156  8:22  Spore Crawler  
  156  8:23  Hatchery  
  153  8:30  Zerg Ground Armor Level 2, Zerg Missile Weapons Level 3  
  153  8:32  Hydralisk x3  
  159  8:36  Zergling x2  
  159  8:37  Zergling x10  
  165  9:09  Spine Crawler  
  164  9:11  Spine Crawler  
  163  9:18  Hydralisk x8  
  163  9:19  Overlord, Hydralisk x2  
  163  9:20  Overlord x4  
  183  9:25  Spire x2, Tunneling Claws  
  129  9:52  Viper  
  129  9:53  Viper x3  
  135  10:02  Zergling x26  
  135  10:03  Zergling x26  
  155  10:39  Hydralisk x6  
  155  10:40  Hydralisk x13  
  193  10:43  Drone  
  193  10:44  Drone  
  195  10:58  Zerg Ground Armor Level 3  
  195  11:05  Overseer x2  
  195  11:07  Zerg Melee Weapons Level 1  
  195  11:14  Extractor  
  195  11:15  Extractor  
  195  11:16  Spore Crawler, Spine Crawler x2  
  190  11:19  Adrenal Glands  
  190  11:23  Drone x6  
  190  11:24  Drone x2  
  198  11:38  Hatchery  
  188  11:50  Zerg Flyer Weapons Level 1, Zerg Flyer Armor Level 1  
  188  11:55  Spine Crawler  
  168  12:12  Queen  
  167  12:21  Zergling x10  
  167  12:22  Zergling x52  
  194  12:23  Zergling x12  
  180  12:56  Hydralisk  
  180  12:57  Hydralisk x19  
  185  13:02  Hydralisk x2  
  182  13:22  Spine Crawler  
  182  13:23  Spine Crawler  
  180  13:31  Hydralisk  
  180  13:32  Hydralisk x5  
  185  13:48  Hatchery  
  183  14:17  Overseer x3  
  183  14:26  Hatchery  
  143  14:48  Mutalisk x7  
  143  14:49  Mutalisk x12  
  143  14:52  Mutalisk x3  
  181  14:53  Mutalisk  
  169  15:21  Mutalisk x7  
  150  15:49  Mutalisk  
  136  15:50  Mutalisk x5  
  108  16:46  Hatchery  
  99  16:55  Mutalisk x2  
  99  16:56  Mutalisk  
  105  17:06  Spawning Pool  
  104  17:13  Overseer  
  104  17:14  Overseer x2  
  104  17:36  Extractor  
  104  17:37  Extractor  
  102  18:03  Overlord x2  
  102  18:04  Overlord  
  84  18:35  Drone  
  84  18:36  Drone x3  
  84  18:40  Overlord x3  
  80  18:58  Queen x2  
  76  19:14  Roach  
  76  19:15  Roach x4  
  84  19:37  Zergling x6  
  87  19:49  Zergling x4  
  87  19:50  Zergling x4  
  49  20:15  Roach Warren  
Show
View Real Time Build Order
Export as new Build Order

Bones Protoss - Winner!

Build Orders: Nexus First, Carrier Rush 

Get SALT Encoding   

  12  0:00  Probe (Chrono Boost)  
  13  0:10  Probe (Chrono Boost)  
  14  0:20  Probe (Chrono Boost)  
  15  0:45  Nexus  
  15  0:53  Pylon  
  15  1:11  Probe (Chrono Boost)  
  15  1:12  Gateway  
  16  1:21  Probe (Chrono Boost)  
  16  1:23  Assimilator  
  17  1:28  Assimilator  
  17  1:31  Probe (Chrono Boost)  
  18  1:41  Probe (Chrono Boost)  
  19  1:52  Probe (Chrono Boost)  
  20  1:57  Probe (Chrono Boost)  
  21  2:01  Cybernetics Core  
  21  2:02  Probe (Chrono Boost)  
  21  2:03  Cybernetics Core  
  21  2:04  Zealot  
  21  2:07  Probe (Chrono Boost)  
  25  2:12  Probe (Chrono Boost)  
  26  2:17  Probe (Chrono Boost)  
  26  2:22  Probe (Chrono Boost)  
  28  2:23  Pylon  
  28  2:27  Probe (Chrono Boost)  
  29  2:32  Probe (Chrono Boost)  
  30  2:39  Probe (Chrono Boost)  
  30  2:42  Stalker, Warp Gate  
  33  2:44  Mothership Core (Chrono Boost)  
  33  2:49  Probe (Chrono Boost)  
  36  2:51  Pylon  
  36  2:59  Probe (Chrono Boost)  
  36  3:02  Probe (Chrono Boost)  
  38  3:13  Probe x2 (Chrono Boost), Adept  
  42  3:22  Pylon  
  42  3:23  Probe x2 (Chrono Boost)  
  44  3:33  Probe x2 (Chrono Boost)  
  46  3:37  Stargate  
  46  3:38  Stargate  
  46  3:43  Probe x2 (Chrono Boost), Assimilator  
  46  3:44  Adept  
  50  3:48  Assimilator  
  50  3:53  Probe x2 (Chrono Boost)  
  52  3:57  Pylon  
  52  4:03  Probe x2 (Chrono Boost)  
  54  4:14  Probe x2 (Chrono Boost)  
  56  4:17  Pylon  
  56  4:22  Fleet Beacon  
  56  4:25  Probe x2 (Chrono Boost)  
  56  4:29  Pylon  
  61  4:39  Forge  
  61  4:40  Probe x2 (Chrono Boost)  
  61  4:41  Carrier x2 (Chrono Boost)  
  63  4:50  Adept  
  62  5:02  Probe x2 (Chrono Boost)  
  76  5:10  Pylon  
  76  5:14  Nexus  
  76  5:16  Probe  
  76  5:17  Probe  
  78  5:23  Graviton Catapult  
  78  5:28  Pylon  
  78  5:34  Probe x2  
  80  5:38  Carrier (Chrono Boost)  
  80  5:39  Pylon  
  80  5:40  Photon Cannon  
  80  5:43  Carrier (Chrono Boost)  
  80  5:54  Probe x2  
  80  5:56  Gateway  
  82  5:57  Gateway  
  94  6:16  Protoss Air Weapons Level 1 (Chrono Boost)  
  94  6:21  Assimilator  
  94  6:24  Carrier (Chrono Boost)  
  95  6:25  Probe x2  
  95  6:26  Assimilator  
  95  6:27  Probe  
  95  6:29  Carrier  
  97  6:35  Photon Cannon  
  97  6:37  Probe, Photon Cannon  
  97  6:38  Probe  
  99  6:41  Probe  
  100  6:51  Probe x2  
  108  7:06  Pylon  
  114  7:13  Twilight Council  
  114  7:15  Pylon  
  114  7:17  Carrier  
  114  7:20  Pylon  
  114  7:23  Probe, Carrier  
  114  7:24  Probe  
  114  7:42  Pylon  
  114  7:46  Zealot  
  114  7:48  Zealot  
  124  7:57  Templar Archives  
  130  8:09  Pylon  
  130  8:15  Photon Cannon  
  130  8:24  Carrier  
  130  8:31  Gateway  
  130  8:32  Gateway  
  130  8:33  Carrier  
  130  8:34  Gateway  
  130  8:37  Psionic Storm  
  130  8:41  Nexus  
  130  8:44  Pylon  
  130  8:46  Pylon  
  130  8:47  High Templar x3  
  136  8:50  Pylon  
  130  9:05  Photon Cannon  
  130  9:07  Gateway  
  136  9:10  Gateway  
  136  9:11  Protoss Air Weapons Level 2 (Chrono Boost)  
  136  9:15  Pylon  
  134  9:19  Carrier  
  134  9:21  Pylon  
  134  9:23  Photon Cannon  
  134  9:24  Photon Cannon  
  134  9:28  Pylon  
  134  9:33  Pylon  
  133  9:40  Assimilator  
  133  9:45  Assimilator  
  119  9:47  Adept x5  
  119  9:48  Adept  
  135  9:59  Carrier  
  135  10:14  High Templar x2  
  137  10:15  Carrier  
  137  10:20  Robotics Facility  
  139  10:22  Adept x3  
  145  10:30  Photon Cannon  
  145  10:33  Pylon  
  151  10:43  Protoss Ground Weapons Level 1  
  157  10:56  Photon Cannon  
  157  10:57  Photon Cannon  
  157  10:58  Photon Cannon  
  157  11:01  Zealot  
  158  11:05  Photon Cannon  
  158  11:07  Observer, Photon Cannon  
  159  11:12  Photon Cannon  
  159  11:23  Protoss Air Weapons Level 3 (Chrono Boost)  
  159  11:24  Dark Shrine  
  159  11:28  Warp Prism  
  159  11:42  High Templar x2  
  161  11:48  Carrier x2  
  161  11:54  Zealot x6  
  163  11:55  Photon Cannon  
  163  11:58  Photon Cannon  
  167  12:38  Dark Templar x2  
  153  12:54  Zealot x6  
  153  12:56  Probe  
  154  12:59  Probe x2  
  156  13:06  Charge  
  156  13:11  Dark Templar x2  
  156  13:12  Carrier  
  153  13:17  Dark Templar  
  151  13:20  Probe  
  151  13:22  Probe  
  151  13:23  Probe  
  151  13:24  Assimilator  
  151  13:27  Photon Cannon  
  152  13:29  High Templar  
  152  13:30  High Templar  
  152  13:32  Archon  
  150  13:43  Carrier  
  154  13:53  High Templar  
  154  13:54  High Templar x5  
  166  13:59  Archon x2  
  166  14:06  Archon  
  166  14:08  Photon Cannon  
  172  14:17  Protoss Air Armor Level 1 (Chrono Boost), Protoss Ground Weapons Level 2  
  172  14:22  Dark Templar  
  161  14:58  Zealot x7  
  161  14:59  Zealot  
  169  15:25  Zealot x5  
  169  15:26  Zealot x3, Phoenix x2  
  173  15:32  Anion Pulse-Crystals  
  170  15:48  Phoenix x2  
  161  16:08  Phoenix  
  161  16:09  Phoenix  
  142  16:29  Phoenix  
  141  16:33  Phoenix  
  140  16:40  Dark Templar  
  138  17:45  Phoenix x2  
  131  18:33  Dark Templar  
  133  18:59  Phoenix  
  133  19:00  Phoenix  
  131  19:33  Phoenix  
Tags
 
Add a new tag
Caveats
  • Supply blocks, unpowered buildings, or Contaminate may cause inaccurate times.
  • Supply counts are checked every 10 seconds.